 Dungeon Crawl Stone Soup version 0.31.0 (webtiles) character file.

Game seed: 4014792032486365285

17105 qw the Marksgargoyle (level 12, -5/77 HPs)
             Began as a Gargoyle Hunter on Jan 19, 2024.
             Was a High Priest of Okawaru.
             Killed by the air
             ... invoked by a wind drake
              (23 damage)
             ... on level 2 of the Lair of Beasts.
             The game lasted 00:01:10 (10160 turns).

qw the Marksgargoyle (Gargoyle Hunter)             Turns: 10160, Time: 00:01:11

Health: -5/77      AC: 17    Str: 14    XL:     12   Next: 44%
Magic:  18/18      EV: 19    Int: 12    God:    Okawaru [*****.]
Gold:   860        SH:  0    Dex: 17    Spells: 11/11 levels left

rFire   . . .        u - +2 orcbow
rCold   . . .        (shield currently unavailable)
rNeg    + . .        x - +0 troll leather armour
rPois   inf          h - +0 helmet
rElec   +            q - +0 cloak
rCorr   .            (no gloves)
SInv    .            n - +1 pair of boots
Will    .....        (no amulet)
Stlth   ++           c - +5 ring of evasion
HPRegen 1.12/turn    r - +4 ring of slaying {mikee}
MPRegen 0.16/turn

%: no passive effects
@: about to teleport
A: sickness immunity, AC +8, negative energy resistance 1, electricity
resistance, torment resistance 1, petrification resistance
a: Renounce Religion, Heroism, Finesse, Duel


You were on level 2 of the Lair of Beasts.
You worshipped Okawaru.
Okawaru was extremely pleased with you.
You visited 3 branches of the dungeon, and saw 13 of its levels.

You collected 860 gold pieces.


Innate Abilities, Weirdness & Mutations

You are immune to sickness and miasma.
Your stone body is resilient. (AC +8)
You are immune to poison.
You resist negative energy. (rN+)
You are resistant to electric shocks. (rElec)
You are resistant to unholy torment.
You are immune to petrification.


   Skills:
 - Level 10.1 Fighting
 - Level 15.0 Ranged Weapons
 - Level 5.0 Armour
 + Level 4.9 Dodging
 - Level 1.1 Stealth
 + Level 8.3 Invocations


You had 11 spell levels left.
You didn't know any spells.
Your spell library was empty.

Inventory:

Hand Weapons
 u - a +2 orcbow (weapon)
Armour
 h - a +0 helmet (worn)
 n - a +1 pair of boots (worn)
 q - a +0 cloak (worn)
 x - a +0 troll leather armour (worn)
Jewellery
 c - a +5 ring of evasion (left hand)
 r - a +4 ring of slaying (right hand) {mikee}
 v - a ring of protection from fire
Wands
 i - a wand of acid (12)
 k - a wand of mindburst (28)
 o - a wand of digging (2)
 s - a wand of polymorph (8)
Scrolls
 t - a scroll of teleportation
Potions
 a - a potion of enlightenment
 d - 3 potions of mutation
 e - a potion of heal wounds
 f - 4 potions of cancellation
 g - a potion of magic
 j - 7 potions of curing
 l - a potion of haste {unknown}
 m - a potion of resistance {unknown}
 p - 2 potions of might

Dungeon Overview and Level Annotations

Branches:
Dungeon (9/15)             Temple (1/1) D:7            Lair (3/5) D:9
 Shoals (0/4) Lair:3        Snake (0/4) Lair:2
    Orc: D:9-12

Altars:
Ashenzari
Cheibriados
Dithmenos
Elyvilon
Fedhas
Gozag
Hepliaklqana
Kikubaaqudgha
Makhleb
Nemelex Xobeh
Okawaru
Qazlal
Ru
Sif Muna
Trog
Uskayaw
Vehumet
Wu Jian
Xom
Yredelemnul
Zin
The Shining One

Annotations:
D:7 1 runed translucent door, Crazy Yiuf, Joseph
Lair:1 1 runed translucent door


Message History

The black mamba misses you. The wyvern barely misses you.
The wind drake completely misses you. The black mamba bites you!
You shoot an arrow. The arrow hits the wyvern!
You kill the wyvern!
Okawaru accepts your kill. The black mamba closely misses you.
The wind drake flaps its wings at you. The air twists around and strikes you!
You shoot an arrow. The arrow hits the black mamba.
The black mamba is lightly wounded.
The black mamba closely misses you. The wind drake misses you.
You shoot an arrow. The arrow hits the black mamba!!
The black mamba is heavily wounded.
The black mamba closely misses you. The black mamba barely misses you.
You shoot an arrow.
The arrow barely misses the black mamba.
The wind drake bites you but does no damage.
The black mamba misses you.
You shoot an arrow. The arrow hits the black mamba.
The black mamba is severely wounded.
The black mamba bites you but does no damage.
The wind drake closely misses you.
You shoot an arrow. The arrow hits the black mamba!
The black mamba is almost dead.
The black mamba misses you.
The wind drake bites you but does no damage.
The black mamba closely misses you.
You shoot an arrow. The arrow hits the black mamba!
You kill the black mamba!
Okawaru accepts your kill.
The wind drake exhales a fierce blast of wind!
You are knocked back by the gust of wind.
You collide with the fungus!
The fungus begins to die.
The fungus is lightly damaged.
10160 ||| READING 2 scrolls of teleportation.
As you read the scroll of teleportation, it crumbles to dust.
You feel strangely unstable. The wind drake flaps its wings at you.
The air twists around and strikes you!!
You die...

# #P......# #P...# #........ #
##.....P# ##...# #.##P.... ###
#.....#####P...# #.#.....#
..###.....###.#P...# ###.+......
...##..............# #PP........
................k..####P........#
.......(.%..............P.......#
.......%..................#.....#
................@..........##.#.#
...........P..#.P.P##............
....................#............
...........#...........P#.#..#?.#
...........#...........##########
.#..................#.###.#### #.
###........#..........#..###.###.
#..........#+P.#................
#......................P#.#'PP#.


You could see a wind drake (repels missiles, catching breath).

Vanquished Creatures
  Erica (Lair:2)
  A boulder beetle (Lair:2)
  Pikel (D:5)
  Maurice (D:8)
  6 elephants (Lair:1)
  A black mamba (Lair:2)
  3 cane toads (Lair:1)
  Maggie (D:7)
  Jeremiah (D:6)
  A rime drake (Lair:2)
  4 komodo dragons
  A troll (D:9)
  Prince Ribbit (Lair:1)
  7 blink frogs
  Sigmund (D:4)
  22 yaks
  A wraith (D:9)
  A basilisk (Lair:1)
  2 wyverns
  2 steam dragons
  2 nagas (Lair:2)
  3 water moccasins
  3 black bears
  2 orc warriors (D:8)
  3 sky beasts
  2 ice beasts
  A centaur (D:8)
  An ogre (D:7)
  A phantom (D:7)
  4 scorpions
  5 bullfrogs
  3 gnoll sergeants
  6 wights
  6 killer bees (D:8)
  3 jellies
  A bombardier beetle (D:5)
  A hound (D:5)
  4 orc priests
  2 sleepcaps
  An iguana (D:5)
  10 orc wizards
  24 gnolls
  9 adders
  2 shadow imps
  4 white imps
  2 ufetubi (D:5)
  A dart slug (D:2)
  A ribbon worm (D:2)
  42 orcs
  7 ball pythons
  6 endoplasms
  4 giant cockroaches
  13 goblins
  5 hobgoblins
  11 jackals
  A quokka (D:2)
  8 bats
  7 frilled lizards
  7 kobolds
  7 rats
284 creatures vanquished.

Notes
Turn   | Place    | Note
-------+----------+-------------------------------------------
     0 | D:1      | qw the Gargoyle Hunter began the quest for the Orb.
     0 | D:1      | Reached XP level 1. HP: 12/12 MP: 1/1
     0 | D:1      | 0 ||| qw: Version: 0.3-a-132-g3d54051
     0 | D:1      | 0 ||| qw: Game counter: 286
     0 | D:1      | 0 ||| qw: Melee chars always use a shield: true
     0 | D:1      | 0 ||| qw: God list: Okawaru
     0 | D:1      | 0 ||| qw: Allow faded altars: false
     0 | D:1      | 0 ||| qw: Do Orc after clearing Dungeon:15 true
     0 | D:1      | 0 ||| qw: Do second Lair branch before Depths: true
     0 | D:1      | 0 ||| qw: Lair rune preference: random
     0 | D:1      | 0 ||| qw: Goals: Normal
     0 | D:1      | 0 ||| PLANNING D:1-11
   200 | D:1      | Reached XP level 2. HP: 17/17 MP: 2/2
   418 | D:1      | Reached XP level 3. HP: 20/21 MP: 3/3
   501 | D:1      | 501 ||| UPGRADING to +0 ring mail.
   511 | D:1      | 511 ||| DROPPING +0 leather armour.
   512 | D:1      | 512 ||| UPGRADING to +4 ring of slaying {mikee}.
   513 | D:1      | 513 ||| READING scroll labelled OLANNI CUIXTOR.
   513 | D:1      | 513 ||| ENCHANTING +0 shortbow.
   514 | D:1      | 514 ||| READING scroll labelled SUXKAI UFOFFOG.
   514 | D:1      | 514 ||| IDENTIFYING fizzy dark potion
   515 | D:1      | 515 ||| DRINKING 2 viscous amethyst potions.
   516 | D:1      | 516 ||| DRINKING 3 black potions.
   517 | D:1      | 517 ||| DROPPING scroll of butterflies.
   518 | D:1      | 518 ||| DROPPING potion of brilliance.
   622 | D:2      | Reached skill level 1 in Armour
   629 | D:2      | Reached skill level 5 in Ranged Weapons
   629 | D:2      | Reached XP level 4. HP: 25/26 MP: 4/4
   891 | D:2      | Found a faded altar of an unknown god.
   969 | D:2      | Identified the +2 chain mail "Azumyhil" {Fly}
   974 | D:2      | Reached skill level 3 in Fighting
  1498 | D:2      | Reached XP level 5. HP: 30/32 MP: 5/5
  1580 | D:2      | 1580 ||| UPGRADING to +0 pair of boots.
  1585 | D:2      | 1585 ||| UPGRADING to ring of protection from cold.
  1586 | D:2      | 1586 ||| READING 2 scrolls labelled AWAZAC SAABUK.
  1587 | D:2      | 1587 ||| FLEEEEING.
  1697 | D:2      | 1697 ||| READING scroll labelled ARORUHATTO.
  1698 | D:2      | 1698 ||| READING scroll labelled QOGHOG NYOGU.
  1699 | D:2      | 1699 ||| FLEEEEING.
  1722 | D:2      | 1722 ||| READING scroll labelled OMUITHR BIAWKEO.
  1723 | D:2      | 1723 ||| DRINKING 2 amethyst potions.
  1724 | D:2      | 1724 ||| DROPPING scroll of vulnerability.
  1833 | D:3      | 1833 ||| FLEEEEING.
  1834 | D:3      | 1834 ||| FLEEEEING.
  1835 | D:3      | 1835 ||| FLEEEEING.
  1836 | D:3      | 1836 ||| FLEEEEING.
  1838 | D:3      | 1838 ||| FLEEEEING.
  1839 | D:3      | 1839 ||| FLEEEEING.
  1840 | D:3      | 1840 ||| FLEEEEING.
  1927 | D:3      | Found a faded altar of an unknown god.
  2325 | D:3      | Found a basalt altar of Yredelemnul.
  2511 | D:3      | 2511 ||| UPGRADING to +3 ring mail.
  2521 | D:3      | 2521 ||| DROPPING +0 ring mail.
  2522 | D:3      | 2522 ||| READING scroll of identify.
  2522 | D:3      | 2522 ||| IDENTIFYING purple potion
  2523 | D:3      | 2523 ||| DROPPING potion of ambrosia.
  2567 | D:4      | Found a hide-covered altar of Uskayaw.
  2693 | D:4      | Found a sacrificial altar of Ru.
  2710 | D:4      | Identified the +7 sling of Nirchipt {elec, rElec Int+3}
  2712 | D:4      | 2712 ||| SWAPPING to +7 sling of Nirchipt {elec, rElec
                  | Int+3}.
  2713 | D:4      | 2713 ||| DROPPING +1 shortbow.
  2726 | D:4      | Reached skill level 6 in Ranged Weapons
  2763 | D:4      | 2763 ||| FLEEEEING.
  2764 | D:4      | 2764 ||| FLEEEEING.
  2767 | D:4      | 2767 ||| FLEEEEING.
  2768 | D:4      | 2768 ||| STAIRDANCE
  2770 | D:3      | 2770 ||| READING scroll labelled GAMPEU ZICVID.
  2770 | D:3      | 2770 ||| ENCHANTING +0 pair of boots.
  2771 | D:3      | 2771 ||| DRINKING 2 golden potions.
  2772 | D:3      | 2772 ||| DROPPING potion of degeneration.
  2879 | D:4      | Reached XP level 6. HP: 38/38 MP: 6/6
  2962 | D:4      | 2962 ||| FLEEEEING.
  3207 | D:4      | Found a hazy altar of Hepliaklqana.
  3214 | D:4      | Noticed Sigmund
  3219 | D:4      | Killed Sigmund
  3220 | D:4      | Reached skill level 7 in Ranged Weapons
  3220 | D:4      | Reached XP level 7. HP: 43/43 MP: 7/7
  3513 | D:4      | 3513 ||| FLEEEEING.
  3519 | D:4      | 3519 ||| STAIRDANCE
  3520 | D:3      | Found an ornate altar of the Wu Jian Council.
  3521 | D:3      | 3521 ||| UPGRADING to +5 ring of evasion.
  3523 | D:3      | 3523 ||| UPGRADING to +4 ring of slaying {mikee}.
  3525 | D:3      | 3525 ||| DROPPING ring of protection from cold.
  3526 | D:3      | 3526 ||| READING scroll labelled DEOXILONOER.
  3570 | D:5      | Entered Level 5 of the Dungeon
  3586 | D:5      | Noticed Pikel
  3587 | D:5      | 3587 ||| RETREEEEATING.
  3589 | D:5      | 3589 ||| RETREEEEATING.
  3591 | D:5      | 3591 ||| RETREEEEATING.
  3598 | D:5      | Killed Pikel
  3599 | D:5      | Reached skill level 9 in Ranged Weapons
  3599 | D:5      | Reached XP level 8. HP: 40/48 MP: 8/8
  3797 | D:5      | 3797 ||| FLEEEEING.
  3833 | D:5      | 3833 ||| FLEEEEING.
  3959 | D:5      | Reached skill level 6 in Fighting
  4118 | D:5      | 4118 ||| FLEEEEING.
  4124 | D:5      | 4124 ||| STAIRDANCE
  4179 | D:4      | 4179 ||| DRINKING 2 viscous golden potions.
  4547 | D:5      | 4547 ||| DRINKING 2 green potions.
  4561 | D:5      | 4561 ||| DROPPING potion of lignification.
  4593 | D:6      | Reached skill level 10 in Ranged Weapons
  4696 | D:6      | Noticed Jeremiah
  4753 | D:6      | 4753 ||| FLEEEEING.
  4754 | D:6      | 4754 ||| STAIRDANCE
  4812 | D:6      | 4812 ||| STAIRDANCE
  4814 | D:5      | 4814 ||| FLEEEEING.
  4865 | D:6      | 4865 ||| STAIRDANCE
  4867 | D:5      | 4867 ||| FLEEEEING.
  4900 | D:6      | Killed Jeremiah
  4901 | D:6      | Reached XP level 9. HP: 57/57 MP: 9/9
  5597 | D:6      | 5597 ||| UPGRADING to +0 helmet.
  5602 | D:6      | 5602 ||| READING scroll of identify.
  5602 | D:6      | 5602 ||| IDENTIFYING lumpy purple potion
  5603 | D:6      | 5603 ||| DRINKING 2 murky coppery potions.
  5604 | D:6      | 5604 ||| DRINKING 2 blue potions.
  5605 | D:6      | 5605 ||| DROPPING potion of attraction.
  5673 | D:7      | Noticed Maggie
  5675 | D:7      | Reached skill level 3 in Armour
  5686 | D:7      | Killed Maggie
  5687 | D:7      | Reached skill level 11 in Ranged Weapons
  5817 | D:7      | Reached skill level 3 in Dodging
  5872 | D:7      | Found a staircase to the Ecumenical Temple.
  5873 | D:7      | 5873 ||| PLANNING TEMPLE
  5887 | Temple   | Entered the Ecumenical Temple
  5888 | Temple   | 5888 ||| PLANNING OKAWARU WORSHIP
  5898 | Temple   | Became a worshipper of Warmaster Okawaru
  5899 | Temple   | 5899 ||| PLANNING D:1-11
  5914 | D:7      | 5914 ||| DRINKING 6 potions of curing.
  5914 | D:7      | 5914 ||| (to cure confusion)
  5974 | D:7      | Found a runed translucent door.
  5974 | D:7      | Noticed Joseph
  5975 | D:7      | Noticed Crazy Yiuf
  6119 | D:7      | 6119 ||| RETREEEEATING.
  6125 | D:7      | Reached XP level 10. HP: 64/64 MP: 10/10
  6382 | D:7      | Found a stormy altar of Qazlal.
  6570 | D:8      | 6570 ||| STAIRDANCE
  6642 | D:8      | Reached skill level 12 in Ranged Weapons
  6643 | D:8      | 6643 ||| STAIRDANCE
  6645 | D:7      | 6645 ||| FLEEEEING.
  6653 | D:7      | 6653 ||| STAIRDANCE
  6748 | D:8      | Identified the +5 war axe of Stickiness {speed, Str+3
                  | Dex+3}
  6921 | D:8      | Noticed Maurice
  6925 | D:8      | 6925 ||| DRINKING 5 potions of curing.
  6925 | D:8      | 6925 ||| (to cure confusion)
  6929 | D:8      | 6929 ||| ZAPPING wand of acid (13) at -2,3 (Maurice;
                  | floor).
  6932 | D:8      | Reached * piety under Okawaru
  6933 | D:8      | 6933 ||| INVOKING Heroism.
  6943 | D:8      | Killed Maurice
  7084 | D:8      | Reached skill level 1 in Invocations
  7094 | D:8      | 7094 ||| FLEEEEING.
  7192 | D:8      | 7192 ||| SWAPPING to +0 orcbow.
  7193 | D:8      | 7193 ||| DROPPING +7 sling of Nirchipt {elec, rElec Int+3}.
  7444 | D:8      | 7444 ||| UPGRADING to +0 cloak.
  7449 | D:8      | 7449 ||| DROPPING amulet of magic regeneration.
  7450 | D:8      | 7450 ||| READING scroll labelled TAOCKO WAUTH.
  7451 | D:8      | 7451 ||| READING 3 scrolls labelled ROANON TAMIGA.
  7534 | D:9      | 7534 ||| RETREEEEATING.
  7536 | D:9      | 7536 ||| RETREEEEATING.
  7538 | D:9      | 7538 ||| RETREEEEATING.
  7540 | D:9      | 7540 ||| RETREEEEATING.
  7542 | D:9      | 7542 ||| RETREEEEATING.
  7561 | D:9      | Reached skill level 3 in Invocations
  7569 | D:9      | Reached skill level 13 in Ranged Weapons
  7569 | D:9      | Reached ** piety under Okawaru
  7572 | D:9      | HP: 16/64 [yak (8)]
  7573 | D:9      | 7573 ||| READING 2 scrolls of teleportation.
  7574 | D:9      | 7574 ||| DRINKING 2 potions of heal wounds.
  7678 | D:9      | 7678 ||| READING scroll of enchant weapon.
  7678 | D:9      | 7678 ||| ENCHANTING +0 orcbow.
  7723 | D:9      | Found a staircase to the Lair.
  7767 | D:9      | 7767 ||| Stepping ~*~*~tactically~*~*~ (cloud).
  7768 | D:9      | 7768 ||| Stepping ~*~*~tactically~*~*~ (cloud).
  7840 | D:9      | Reached skill level 9 in Fighting
  8025 | D:9      | Reached XP level 11. HP: 45/71 MP: 14/14
  8025 | D:9      | 8025 ||| FLEEEEING.
  8346 | D:9      | 8346 ||| PLANNING LAIR
  8346 | D:9      | 8346 ||| UPGRADING to +0 troll leather armour.
  8356 | D:9      | 8356 ||| DROPPING +3 ring mail.
  8357 | D:9      | 8357 ||| READING scroll labelled HUN ORHYLL.
  8410 | Lair:1   | Entered Level 1 of the Lair of Beasts
  8457 | Lair:1   | Found a runed translucent door.
  8536 | Lair:1   | 8536 ||| RETREEEEATING.
  8540 | Lair:1   | 8540 ||| RETREEEEATING.
  8541 | Lair:1   | 8541 ||| RETREEEEATING.
  8542 | Lair:1   | 8542 ||| RETREEEEATING.
  8543 | Lair:1   | 8543 ||| RETREEEEATING.
  8545 | Lair:1   | 8545 ||| RETREEEEATING.
  8546 | Lair:1   | 8546 ||| RETREEEEATING.
  8550 | Lair:1   | 8550 ||| RETREEEEATING.
  8551 | Lair:1   | 8551 ||| RETREEEEATING.
  8552 | Lair:1   | 8552 ||| RETREEEEATING.
  8553 | Lair:1   | 8553 ||| RETREEEEATING.
  8562 | Lair:1   | 8562 ||| RETREEEEATING.
  8565 | Lair:1   | 8565 ||| RETREEEEATING.
  8566 | Lair:1   | Reached *** piety under Okawaru
  8648 | Lair:1   | Noticed Prince Ribbit
  8652 | Lair:1   | 8652 ||| RETREEEEATING.
  8656 | Lair:1   | 8656 ||| RETREEEEATING.
  8659 | Lair:1   | 8659 ||| RETREEEEATING.
  8661 | Lair:1   | 8661 ||| RETREEEEATING.
  8663 | Lair:1   | 8663 ||| RETREEEEATING.
  8664 | Lair:1   | 8664 ||| RETREEEEATING.
  8665 | Lair:1   | 8665 ||| RETREEEEATING.
  8666 | Lair:1   | 8666 ||| RETREEEEATING.
  8667 | Lair:1   | 8667 ||| RETREEEEATING.
  8668 | Lair:1   | 8668 ||| RETREEEEATING.
  8669 | Lair:1   | 8669 ||| RETREEEEATING.
  8670 | Lair:1   | 8670 ||| RETREEEEATING.
  8671 | Lair:1   | 8671 ||| RETREEEEATING.
  8672 | Lair:1   | 8672 ||| RETREEEEATING.
  8679 | Lair:1   | Reached skill level 14 in Ranged Weapons
  8683 | Lair:1   | Killed Prince Ribbit
  8699 | Lair:1   | 8699 ||| FLEEEEING.
  8701 | Lair:1   | 8701 ||| FLEEEEING.
  8702 | Lair:1   | 8702 ||| FLEEEEING.
  8705 | Lair:1   | 8705 ||| FLEEEEING.
  8999 | Lair:1   | 8999 ||| RETREEEEATING.
  9000 | Lair:1   | 9000 ||| RETREEEEATING.
  9003 | Lair:1   | 9003 ||| RETREEEEATING.
  9004 | Lair:1   | 9004 ||| RETREEEEATING.
  9005 | Lair:1   | 9005 ||| RETREEEEATING.
  9006 | Lair:1   | 9006 ||| RETREEEEATING.
  9007 | Lair:1   | 9007 ||| RETREEEEATING.
  9008 | Lair:1   | 9008 ||| RETREEEEATING.
  9009 | Lair:1   | 9009 ||| INVOKING Heroism.
  9010 | Lair:1   | Reached **** piety under Okawaru
  9096 | Lair:1   | 9096 ||| FLEEEEING.
  9213 | Lair:1   | 9213 ||| DROPPING ring of resist corrosion.
  9214 | Lair:1   | 9214 ||| READING scroll of identify.
  9214 | Lair:1   | 9214 ||| IDENTIFYING bubbling white potion
  9276 | Lair:2   | Found a staircase to the Snake Pit.
  9276 | Lair:2   | Noticed a boulder beetle
  9277 | Lair:2   | 9277 ||| INVOKING Finesse.
  9300 | Lair:2   | Killed a boulder beetle
  9335 | Lair:2   | Reached skill level 6 in Invocations
  9361 | Lair:2   | Noticed Erica
  9363 | Lair:2   | 9363 ||| INVOKING Finesse.
  9373 | Lair:2   | Killed Erica
  9374 | Lair:2   | Reached XP level 12. HP: 77/77 MP: 10/16
  9390 | Lair:2   | 9390 ||| RETREEEEATING.
  9391 | Lair:2   | 9391 ||| RETREEEEATING.
  9392 | Lair:2   | 9392 ||| RETREEEEATING.
  9393 | Lair:2   | 9393 ||| RETREEEEATING.
  9394 | Lair:2   | 9394 ||| INVOKING Heroism.
  9400 | Lair:2   | 9400 ||| RETREEEEATING.
  9401 | Lair:2   | 9401 ||| RETREEEEATING.
  9402 | Lair:2   | 9402 ||| RETREEEEATING.
  9403 | Lair:2   | 9403 ||| RETREEEEATING.
  9404 | Lair:2   | 9404 ||| RETREEEEATING.
  9405 | Lair:2   | 9405 ||| RETREEEEATING.
  9406 | Lair:2   | 9406 ||| RETREEEEATING.
  9407 | Lair:2   | 9407 ||| RETREEEEATING.
  9408 | Lair:2   | 9408 ||| STAIRDANCE
  9569 | Lair:2   | 9569 ||| RETREEEEATING.
  9574 | Lair:2   | 9574 ||| RETREEEEATING.
  9575 | Lair:2   | 9575 ||| RETREEEEATING.
  9577 | Lair:2   | 9577 ||| RETREEEEATING.
  9578 | Lair:2   | 9578 ||| RETREEEEATING.
  9583 | Lair:2   | 9583 ||| RETREEEEATING.
  9584 | Lair:2   | 9584 ||| RETREEEEATING.
  9585 | Lair:2   | 9585 ||| RETREEEEATING.
  9586 | Lair:2   | 9586 ||| RETREEEEATING.
  9606 | Lair:2   | Reached skill level 15 in Ranged Weapons
  9625 | Lair:2   | Reached ***** piety under Okawaru
  9665 | Lair:2   | 9665 ||| READING scroll of enchant weapon.
  9665 | Lair:2   | 9665 ||| ENCHANTING +1 orcbow.
 10085 | Lair:2   | Received a gift from Okawaru
 10119 | Lair:2   | 10119 ||| READING scroll labelled OLANUO UZENO.
 10136 | Lair:3   | Noticed a skyshark
 10136 | Lair:3   | Found a staircase to the Shoals.
 10137 | Lair:3   | 10137 ||| RETREEEEATING.
 10138 | Lair:3   | 10138 ||| RETREEEEATING.
 10139 | Lair:3   | 10139 ||| RETREEEEATING.
 10140 | Lair:3   | 10140 ||| RETREEEEATING.
 10141 | Lair:3   | 10141 ||| RETREEEEATING.
 10142 | Lair:3   | 10142 ||| RETREEEEATING.
 10143 | Lair:3   | 10143 ||| RETREEEEATING.
 10144 | Lair:3   | 10144 ||| RETREEEEATING.
 10145 | Lair:3   | 10145 ||| STAIRDANCE
 10159 | Lair:2   | HP: 17/77 [fungus collision (13)]
 10160 | Lair:2   | 10160 ||| READING 2 scrolls of teleportation.
 10160 | Lair:2   | Killed from afar by a wind drake

Levels and vault maps discovered:
D:1:      spicycebolla_green_bress_n_ham, layout_basic, serial_park_tiny_pond
D:2:      minmay_diamond_boxcup, layout_basic,
          shapermc_ecumenical_altar_hornbeckon, minmay_divided_ellipse
D:3:      layout_basic, nicolae_overflow_ecumenical_swirl,
          mainiacjoe_overflow_alcove_4
D:4:      layout_loops_corners, lemuel_doored_altar,
          mainiacjoe_overflow_large_starburst, uniq_sigmund
D:5:      layout_basic, uniq_pikel
D:6:      layout_loops_corners, chequers_garden, uniq_jeremiah
D:7:      layout_basic, nicolae_qazlal_eye_of_the_storm,
          minmay_temple_entry_junction, uniq_crazy_yiuf_cottage, uniq_maggie,
          uniq_joseph
D:8:      layout_loops_ring, uniq_maurice
D:9:      layout_loops_ring, lair_entry_dummy
Temple:   lightli_temple_of_artemis
Lair:1:   dreamdust_labyrinth, layout_misc_corridors, ldierk_geyser,
          wad_woods_03, infiniplex_staircase_pool_2, uniq_prince_ribbit2
Lair:2:   layout_chaotic_city, guppyfry_snake_entry_garden,
          portal_ice_cave_entry_pillars_2, uniq_erica
Lair:3:   layout_roguey, minmay_shoals_entry_beasts,
          nicolae_volcano_entry_s_turn, grunt_megastairs_2, serial_bayou_shore_a

Skill      XL: |  1  2  3  4  5  6  7  8  9 10 11 12 |
---------------+-------------------------------------+-----
Armour         | 1 2 3 5 |  5.0
Ranged Weapons | 5 6 7 9 10 11 13 14 15 | 15.0
Fighting       | 3 4 7 8 9 10 | 10.1
Dodging        | 2 3 4 |  4.9
Invocations    | 4 6 8 |  8.3
Stealth        | |  1.1

Action                     |  1- 3 |  4- 6 |  7- 9 | 10-12 || total
---------------------------+-------+-------+-------+-------++-------
   Fire: Shortbow          |    48 |   112 |       |       ||   160
         Sling             |       |    38 |   226 |    78 ||   342
         Orcbow            |       |       |       |   502 ||   502
 Invoke: Heroism           |       |       |       |     3 ||     3
         Finesse           |       |       |       |     2 ||     2
  Evoke: Wand              |       |       |       |     1 ||     1
    Use: Scroll            |     2 |     6 |     2 |     9 ||    19
         Potion            |     2 |     2 |     5 |     2 ||    11
 Armour: Leather armour    |     7 |       |       |       ||     7
         Ring mail         |     8 |    44 |    40 |    55 ||   147
         Troll leather arm |       |       |       |   110 ||   110
  Dodge: Dodged            |     9 |    44 |    34 |   252 ||   339

Table legend:
 A = Non-vault XP
 B = Vault XP
 C = Vault XP percentage of total XP
 D = Non-vault monster count
 E = Vault monster count
 F = Vault count percentage of total count
                 A         B        C        D         E       F
            +---------+---------+-------+---------+---------+-------
      Total |   19915 |    4522 |  18.5 |     251 |      33 |  11.6
            +---------+---------+-------+---------+---------+-------
        D:1 |      35 |       0 |   0.0 |      15 |       0 |   0.0
        D:2 |      51 |      81 |  61.4 |      19 |      21 |  52.5
        D:3 |      40 |       0 |   0.0 |      16 |       0 |   0.0
        D:4 |     250 |     223 |  47.1 |      30 |       1 |   3.2
        D:5 |     847 |     673 |  44.3 |      30 |       1 |   3.2
        D:6 |     713 |     382 |  34.9 |      30 |       1 |   3.2
        D:7 |    1156 |     424 |  26.8 |      21 |       1 |   4.5
        D:8 |    1653 |     512 |  23.6 |      24 |       1 |   4.0
        D:9 |    2412 |       0 |   0.0 |      21 |       0 |   0.0
     Lair:1 |    6530 |    1065 |  14.0 |      21 |       4 |  16.0
     Lair:2 |    6228 |    1162 |  15.7 |      24 |       3 |  11.1
            +---------+---------+-------+---------+---------+-------
